 Dungeon Crawl Stone Soup version 0.28-a0-595-g9f6c0e134a (webtiles) character file.

Game seed: 6039430585140771689

1 lawman0 the Sneak (level 1, -2/18 HPs)
             Began as a Merfolk Delver on Oct 4, 2021.
             Slain by a scorpion (3 damage)
             ... on level 4 of the Dungeon.
             The game lasted 00:00:34 (110 turns).

lawman0 the Sneak (Merfolk Delver)                   Turns: 110, Time: 00:00:35

Health: -2/18      AC:  3    Str: 12    XL:     1   Next: 20%
Magic:  1/1        EV: 12    Int:  9    God:
Gold:   0          SH:  0    Dex: 15    Spells: 0/0 levels left

rFire   . . .      SeeInvis .   a - +0 spear
rCold   . . .      Faith    .   (no shield)
rNeg    . . .      Spirit   .   b - +0 leather armour
rPois   .          Reflect  .   (no helmet)
rElec   .          Harm     .   (no cloak)
rCorr   .          Rampage  .   (no gloves)
Will    .....                   (no boots)
Stlth   +++.......              (no amulet)
HPRegen 0.06/turn               (no ring)
MPRegen 0.07/turn               (no ring)

@: no status effects
A: (nimble swimmer 2), mertail
a: no special abilities


You were on level 4 of the Dungeon.
You visited 1 branch of the dungeon, and saw 2 of its levels.

Inventory:

Hand Weapons
 a - a +0 spear (weapon)
Armour
 b - a +0 leather armour (worn)
Wands
 g - a wand of digging (3)
Scrolls
 c - a scroll of fog
 e - a scroll of fear
Potions
 f - a potion of haste


   Skills:
 + Level 3.2 Fighting
 + Level 3.0 Polearms
 + Level 2.6 Dodging
 + Level 5.5 Stealth


You couldn't memorise any spells.
You didn't know any spells.
Your spell library was empty.

Dungeon Overview and Level Annotations

Branches:
Dungeon (5/15)
 Temple: D:4-7

Altars:


Innate Abilities, Weirdness & Mutations

((You are quick and stealthy near water. (Stealth+, EV+, Speed+++)))
Your lower body shifts to a powerful aquatic tail in water.


Message History

A jelly comes into view.
A hobgoblin comes into view.
The hobgoblin shouts!
You hit the hobgoblin.
You kill the hobgoblin!
No target in view!
No target in view!
Found a stone staircase leading up.
Found a stone staircase leading down.
A gnoll comes into view. It is wielding a +0 spear.
Unknown command.
A dart slug comes into view.
The dart slug moves out of view.
A scorpion comes into view.
The scorpion stings you.
You hit the scorpion but do no damage. The scorpion stings you!
Ouch! That really hurt!
* * * LOW HITPOINT WARNING * * *
You barely miss the scorpion.
The scorpion stings you but does no damage.
You are too injured to fight recklessly!
You barely miss the scorpion.
The scorpion stings you but does no damage.
You are too injured to fight recklessly!
You closely miss the scorpion. The scorpion stings you.
* * * LOW HITPOINT WARNING * * *
You are too injured to fight recklessly!
You closely miss the scorpion. The scorpion barely misses you.
The dart slug launches a dart at you. The slug dart hits you.
* * * LOW HITPOINT WARNING * * *
You are too injured to fight recklessly!
You hit the scorpion.
The scorpion is lightly wounded.
The scorpion closely misses you.
You are too injured to fight recklessly!
You hit the scorpion.
The scorpion is lightly wounded.
The scorpion stings you.
You die...

..# ##.......###..#
.. #....####.##### .
#..†.##....#..#
..........##...###
#...##..#.###....#
..... ........#.#.##
.#..###..##.##..#..#
. .#.
###........#....
##.#..@.......
......ws........
....##..........
.... ........... .##
......#.....
.............
...#...#....#
.......###...#


You could see a scorpion and a dart slug.

Vanquished Creatures
  A hobgoblin (D:4)
1 creature vanquished.

Notes
Turn   | Place    | Note
-------+----------+-------------------------------------------
     0 | D:5      | lawman0 the Merfolk Delver began the quest for the Orb.
     0 | D:5      | Reached XP level 1. HP: 18/18 MP: 1/1
     6 | D:5      | Noticed an orc wizard
    28 | D:4      | Noticed a jelly
   100 | D:4      | Noticed a scorpion
   110 | D:4      | Slain by a scorpion

Illustrated notes

Levels and vault maps discovered:
D:4:      layout_layer_cave, general_overflow_altar,
          mainiacjoe_overflow_six_doors_small, st_stairs_8, grunt_ministairs_13,
          nrook_mini_backslash
D:5:      layout_gridville, mainiacjoe_overflow_24_doors

Action                   || total
-------------------------++-------
Melee: Spear             ||     8
  Use: Scroll            ||     1
Armor: Leather armour    ||     2
Dodge: Dodged            ||     2

Table legend: (Time is in decaauts)
 A = Elapsed time spent in this place.
 B = Non-inter-level travel time spent in this place.
 C = Inter-level travel time spent in this place.
 D = Time resting spent in this place.
 E = Time spent auto-exploring this place.
 F = Levels seen in this place.
 G = Mean time per level.
                   A        B        C        D        E       F      G
               +--------+--------+--------+--------+--------+-----+--------+
         Total |    109 |    104 |      5 |      0 |     25 |   2 |   54.5 |
       Dungeon |    109 |    104 |      5 |      0 |     25 |   2 |   54.5 |
               +--------+--------+--------+--------+--------+-----+--------+

Top non-repeatable levels by time:
     D:4: 97 daAuts
     D:5: 12 daAuts
